 Dungeon Crawl Stone Soup version 0.31-a0-986-g5e6e4ef867 (webtiles) character file.

Game seed: 15257926652890152817

654 pokeman the Magician (level 7, 0/40 HPs)
             Began as a Deep Elf Hedge Wizard on Nov 23, 2023.
             Slain by Pikel
             ... wielding a +2 whip of freezing
              (2 damage)
             ... on level 4 of the Dungeon.
             The game lasted 00:08:52 (4641 turns).

pokeman the Magician (Deep Elf Hedge Wizard)        Turns: 4641, Time: 00:08:52

Health: 0/40       AC:  4    Str:  7    XL:     7   Next: 29%
Magic:  12/20      EV: 13    Int: 21    God:
Gold:   188        SH:  0    Dex: 14    Spells: 13/21 levels left

rFire   . . .        l - +2 club (spect)
rCold   . . .        (no shield)
rNeg    . . .        b - +0 robe
rPois   .            c - +0 hat
rElec   .            g - +0 cloak
rCorr   .            s - +0 pair of gloves
SInv    .            (no boots)
Will    .....        (no amulet)
Stlth   ++           (no ring)
HPRegen 0.26/turn    (no ring)
MPRegen 0.17/turn

%: no passive effects
@: no status effects
A: no striking features
a: no special abilities


You were on level 4 of the Dungeon.
You visited 1 branch of the dungeon, and saw 4 of its levels.

You collected 188 gold pieces.

Inventory:

Hand Weapons
 l - a +2 spectral club (weapon)
Armour
 b - a +0 robe (worn)
 c - a +0 hat (worn)
 g - a +0 cloak (worn)
 s - a +0 pair of gloves (worn)
Magical Staves
 a - a staff of conjuration
 t - a staff of earth
Wands
 u - a wand of roots (7)
Scrolls
 e - 2 scrolls of teleportation {unknown}
 i - a scroll of identify {unknown}
 j - a scroll of fear {unknown}
 n - a scroll of revelation {unknown}
 o - a scroll of amnesia {unknown}
 p - 2 scrolls of vulnerability {unknown}
 q - 2 scrolls of fog {unknown}
Potions
 d - a potion of magic
 f - a potion of haste {unknown}
 h - 3 potions of heal wounds {unknown}
 k - 3 potions of resistance {unknown}
 m - 3 potions of lignification {unknown}
 r - 2 potions of ambrosia {unknown}
 v - a potion of curing {unknown}


   Skills:
 + Level 2.0 Fighting
 - Level 1.0 Armour
 - Level 3.0 Dodging
 - Level 3.0 Stealth
 * Level 7.9 Spellcasting
 + Level 3.8 Conjurations
 - Level 1.1 Summonings
 - Level 1.1 Translocations
 - Level 1.2 Air Magic
 + Level 1.8 Earth Magic
 - Level 1.3 Poison Magic
 - Level 1.4 Evocations


You had 13 spell levels left.
You knew the following spells:

 Your Spells              Type           Power      Damage    Failure   Level
a - Magic Dart            Conj           96%        1d7       1%          1
b - Mephitic Cloud        Conj/Pois/Air  17%        N/A       10%         3
c - Call Imp              Summ           24%        N/A       8%          2
d - Blink                 Tloc           24%        N/A       8%          2

Your spell library contained the following spells:

 Spells                   Type           Power      Damage    Failure   Level
 Slow                     Hex            32%        N/A       9%          1
 Cigotuvi's Dreadful Rot  Necr/Pois/Air  22%        N/A       9%          2


Dungeon Overview and Level Annotations

Branches:
Dungeon (4/15)
 Temple: D:4-7

Altars:
Okawaru

Annotations:
D:4 Pikel


Message History

Your +2 spectral club hits Pikel but does no damage.
Casting: Magic Dart (safe; 1% risk of failure)
Confirm with . or Enter, or press ? or * to list all spells.
Aiming: Mephitic Cloud (dangerous; 10% risk of failure)
Press: ? - help, Shift-Dir - straight line, f - Pikel
Aim: Pikel, wielding a +2 whip of freezing and wearing a +0 robe (moderately wounded, confused, chance to affect: 72%)
The ball explodes into a vile cloud!
The stinking cloud engulfs Pikel but does no damage.
Pikel is moderately wounded.
Your +2 spectral club disappears.
You hear a shout!
Pikel is engulfed in noxious fumes.
Pikel screams, "I'll kill you anyway!"
Unknown command.
Unknown command.
Pikel is engulfed in noxious fumes.
Pikel is engulfed in noxious fumes.
Pikel appears confused.
Casting: Mephitic Cloud (dangerous; 10% risk of failure)
Confirm with . or Enter, or press ? or * to list all spells.
A tiny devil pulls itself out of the air.
Pikel hits you with a +2 whip of freezing!
Pikel freezes you.
You hit Pikel but do no damage.
Pikel is moderately wounded.
Your +2 spectral club barely misses Pikel.
You hit Pikel.
Pikel is moderately wounded.
Your +2 spectral club hits Pikel but does no damage.
Your cerulean imp hits Pikel but does no damage.
Pikel hits your +2 spectral club with a +2 whip of freezing!
Your spectral weapon shares its damage with you!
Pikel freezes your +2 spectral club.
Your spectral weapon shares its damage with you!
* * * LOW HITPOINT WARNING * * *
Your +2 spectral club disappears.
Your cerulean imp hits Pikel but does no damage.
Pikel hits you with a +2 whip of freezing.
* * * LOW HITPOINT WARNING * * *
Pikel freezes you.
You die...

..........# . .
.........########.
..## ......#.#........
...####'#.............
#....................
#..................
#..5....#.#........
#.......#.#........
+K@.....#.#..).....
#....)....#.<......
######...##[.......
....##........
....########## ...>...
#######


You could see Pikel (confused, ally target) and a friendly cerulean imp
(summoned).

Vanquished Creatures
  Sigmund (D:2)
  Eustachio (D:4)
  4 lemures (D:3)
  A sleepcap (D:3)
  Jessica (D:2)
  3 gnolls
  11 adders
  2 worms
  4 dart slugs
  12 ball pythons
  7 endoplasms
  2 giant cockroaches
  6 goblins
  5 hobgoblins
  3 jackals (D:3)
  5 kobolds
  4 quokkas
  4 bats
  5 frilled lizards
  4 rats
85 creatures vanquished.

Vanquished Creatures (collateral kills)
  The ghost of deepdelver the Shooter, an amateur KoHu (D:3)
1 creature vanquished.

Grand Total: 86 creatures vanquished

Notes
Turn   | Place    | Note
-------+----------+-------------------------------------------
     0 | D:1      | pokeman the Deep Elf Hedge Wizard began the quest for the
                  | Orb.
     0 | D:1      | Reached XP level 1. HP: 10/10 MP: 7/7
   368 | D:1      | Reached XP level 2. HP: 15/15 MP: 6/9
  1043 | D:1      | Reached skill level 5 in Spellcasting
  1334 | D:2      | Reached XP level 3. HP: 20/20 MP: 6/11
  1338 | D:2      | Learned a level 3 spell: Mephitic Cloud
  1343 | D:2      | Learned a level 2 spell: Call Imp
  1346 | D:2      | Learned a level 2 spell: Blink
  1563 | D:2      | Found an iron altar of Okawaru.
  1570 | D:2      | Reached skill level 1 in Fighting
  1678 | D:2      | Reached skill level 1 in Armour
  1961 | D:2      | Found a faded altar of an unknown god.
  1999 | D:2      | Noticed Jessica
  2007 | D:2      | Killed Jessica
  2008 | D:2      | Reached XP level 4. HP: 21/25 MP: 5/13
  2337 | D:2      | Reached skill level 6 in Spellcasting
  2400 | D:2      | Noticed Sigmund
  2458 | D:2      | Killed Sigmund
  2459 | D:2      | Reached skill level 1 in Air Magic
  2459 | D:2      | Reached skill level 1 in Poison Magic
  2459 | D:2      | Reached skill level 1 in Evocations
  2459 | D:2      | Reached XP level 5. HP: 12/29 MP: 9/16
  2459 | D:2      | Reached XP level 6. HP: 15/34 MP: 9/17
  3140 | D:3      | Found a runed translucent door.
  3312 | D:3      | Noticed deepdelver's ghost (amateur KoHu)
  3846 | D:3      | Reached skill level 7 in Spellcasting
  3878 | D:3      | Killed deepdelver's ghost
  4025 | D:4      | Noticed Eustachio
  4035 | D:4      | Reached skill level 1 in Earth Magic
  4205 | D:4      | Killed Eustachio
  4206 | D:4      | Reached XP level 7. HP: 24/39 MP: 17/20
  4267 | D:4      | Noticed Pikel
  4641 | D:4      | HP: 2/40 [Pikel/+2 whip of freezing (6)]
  4641 | D:4      | Slain by Pikel

Illustrated notes

Levels and vault maps discovered:
D:1:      wander_arrival_fairy_ring, layout_loops_corners
D:2:      layout_loops_corners, basic_altar,
          shapermc_ecumenical_altar_mp_highgroup, minmay_snake_closets,
          uniq_jessica, uniq_sigmund
D:3:      layout_rooms, ebering_ghost_sewer_d, minmay_misc_feat_doors,
          minmay_box_of_dots
D:4:      layout_basic, nicolae_ru_path_of_blood, gammafunk_ghost_cemetery,
          uniq_eustachio, uniq_pikel, uniq_menkaure

Skill      XL: |  1  2  3  4  5  6  7 |
---------------+----------------------+-----
Spellcasting   | 5 6 7 |  7.9
Fighting       | 1 2 |  2.0
Armour         | 1 |  1.0
Conjurations   | 2 3 |  3.8
Stealth        | 3 |  3.0
Dodging        | 3 |  3.0
Air Magic      | 1 |  1.2
Poison Magic   | 1 |  1.3
Evocations     | 1 |  1.4
Earth Magic    | 1 |  1.8
Summonings     | |  1.1
Translocations | |  1.1

Action                     |  1- 3 |  4- 6 |  7- 9 || total
---------------------------+-------+-------+-------++-------
  Melee: Dagger            |     4 |       |       ||     4
         War axe           |     7 |       |       ||     7
         Club              |       |    60 |    61 ||   121
         Punch             |       |     1 |       ||     1
   Cast: Magic Dart        |    94 |    92 |    15 ||   201
         Mephitic Cloud    |       |    11 |    10 ||    21
         Call Imp          |       |     2 |     2 ||     4
         Blink             |       |     4 |     3 ||     7
   Stab: Confused          |       |     4 |     5 ||     9
 Armour: Robe              |    15 |    37 |    32 ||    84
  Dodge: Dodged            |    27 |    49 |    45 ||   121

Table legend: (Time is in decaauts)
 A = Elapsed time spent in this place.
 B = Non-inter-level travel time spent in this place.
 C = Inter-level travel time spent in this place.
 D = Time resting spent in this place.
 E = Time spent auto-exploring this place.
 F = Levels seen in this place.
 G = Mean time per level.
                   A        B        C        D        E       F      G
               +--------+--------+--------+--------+--------+-----+--------+
         Total |   4689 |   4624 |     65 |    365 |   3529 |   4 | 1172.2 |
       Dungeon |   4689 |   4624 |     65 |    365 |   3529 |   4 | 1172.2 |
               +--------+--------+--------+--------+--------+-----+--------+

Top non-repeatable levels by time:
     D:2: 1837 daAuts
     D:3: 1367 daAuts
     D:1: 1310 daAuts
     D:4: 174 daAuts
